 Dungeon Crawl Stone Soup version 0.21-a0-193-g085b6a0 (webtiles) character file.

838 Lavandula the Cudgeler (level 8, 27/54 HPs)
             Began as a Formicid Artificer on Aug 14, 2017.
             Quit the game on level 11 of the Dungeon.
             The game lasted 00:23:47 (4149 turns).

Lavandula the Cudgeler (Formicid Artificer)         Turns: 4149, Time: 00:23:48

Health: 27/54      AC: 16    Str: 17    XL:     8   Next: 19%
Magic:  10/10      EV: 10    Int: 11    God:
Gold:   260        SH:  0    Dex: 18    Spells: 7/7 levels left

rFire    . . .     SeeInvis +   r - -2 dagger (curse)
rCold    . . .     Gourm    .   (no shield)
rNeg     . . .     Faith    .   m - +0 plate armour (curse)
rPois    .         Spirit   .   (helmet unavailable)
rElec    .         Reflect  .   (no cloak)
rCorr    .         Harm     .   A - +2 pair of gloves
MR       .....                  (no boots)
Stlth    ..........             (no amulet)
HPRegen  0.18/turn              g - ring of flight
MPRegen  0.12/turn              v - +3 ring of protection

@: agile
A: permanent stasis, dig shafts and tunnels, four strong arms, antennae 3
a: Dig, Shaft Self, Evoke Flight


You were on level 11 of the Dungeon.
You were very hungry.

You visited 2 branches of the dungeon, and saw 10 of its levels.
You also visited: Ossuary.

You collected 534 gold pieces.
You spent 274 gold pieces at shops.

Inventory:

Hand Weapons
 a - a +0 short sword
 h - a +0 dagger
 i - a +1 dire flail of draining
 k - a +0 mace
 r - a cursed -2 dagger (weapon)
 w - a +3 hunting sling
 z - a +0 morningstar
 C - a +3 mace of venom
Missiles
 s - 3 tomahawks (quivered)
 y - 13 javelins
Armour
 b - a +0 leather armour
 m - a cursed +0 plate armour (worn)
 u - a +3 chain mail of poison resistance
 A - a +2 pair of gloves (worn)
 D - a cursed -1 chain mail
Jewellery
 g - a ring of flight (left hand)
 v - a +3 ring of protection (right hand)
Wands
 d - a wand of enslavement (0/24)
 e - a wand of random effects (12/48)
 p - a wand of paralysis (4/24)
 t - a wand of flame (14/48)
Scrolls
 j - 2 scrolls of fog
 l - 3 scrolls of magic mapping
Potions
 c - a potion of brilliance
 o - 2 potions of magic
 q - 2 potions of curing
 x - 3 potions of heal wounds
 F - a potion of flight
 G - a potion of degeneration
Comestibles
 f - 3 bread rations
 n - 9 fruits


   Skills:
 - Level 1.1 Fighting
 - Level 5.5 Short Blades
 + Level 6.5 Maces & Flails
 - Level 1.7 Dodging
 - Level 1.2 Stealth
 - Level 3.2 Evocations


You had 7 spell levels left.
You didn't know any spells.

Dungeon Overview and Level Annotations

Branches:
Dungeon (9/15)             Temple (1/1) D:4            Lair (0/6) D:9
    Orc: D:9-12

Altars:
Ashenzari
Elyvilon
Gozag
Kikubaaqudgha
Makhleb
Nemelex Xobeh
Okawaru
Qazlal
Ru
Sif Muna
Trog
Uskayaw
Vehumet
Wu Jian
Xom
Yredelemnul
The Shining One

Shops:
D:6 ([!(

Annotations:
D:3 smzp's ghost, weakling FeMo
D:11 Sonja


Innate Abilities, Weirdness & Mutations

You cannot be hasted, slowed, berserked, paralysed or teleported.
You can dig through walls and to a lower floor.
Your four strong arms can wield two-handed weapons with a shield.
You have a pair of large antennae on your head. (SInv)


Message History

The bullfrog hits the plant.
The porcupine barely misses you.
The bullfrog hits the plant but does no damage.
The porcupine bites the plant.
A shaft appears beneath you!
You fall through a shaft for 2 floors!
The shaft crumbles and collapses.
You hear a splash.
Sonja, the Graceful Assassin comes into view.
She is wielding a short sword of distortion.
Sonja shouts!
Unknown command.
Evoke which item? (* to show all) (? for menu, Esc to quit)
Okay, then.
You can't unwield your weapon to draw a new one!
Unknown command.
Okay, then.
Okay, then.
Okay, then.
You don't know any spells.
Unknown command.
Are you sure you want to abandon this character and quit the game? (Confirm with "yes".)

...... .....
.... #...
####.K.
.......#######.
...............
.......@.......
.......########
#####.. #.. #..
... .... ....


You could see Sonja.

Vanquished Creatures
  Edmund (D:4)
  A black bear (D:9)
  An elf zombie (Ossuary)
  A bullfrog (D:6)
  A howler monkey (D:6)
  A centaur zombie (Ossuary)
  2 orc priests
  2 hounds (D:6)
  3 orc wizards (D:5)
  2 iguanas
  Ijyb (D:3)
  2 mummies
  3 adders
  A shadow imp (D:6)
  An ooze (D:5)
  A worm (D:3)
  A dart slug (D:3)
  14 orcs
  3 bats
  A giant cockroach (D:5)
  5 goblins
  7 hobgoblins
  7 jackals
  2 frilled lizards
  2 gnoll zombies (Ossuary)
  4 goblin zombies (Ossuary)
  A hobgoblin zombie (Ossuary)
  9 kobolds
  An orc zombie (Ossuary)
  4 rats
85 creatures vanquished.

Vanquished Creatures (collateral kills)
  3 wights (D:6)
  An orc wizard (D:6)
  A big kobold zombie (Ossuary)
  A mummy (Ossuary)
  An orc (D:5)
  A gnoll zombie (Ossuary)
  2 orc zombies (Ossuary)
10 creatures vanquished.

Vanquished Creatures (others)
  A wight (D:6)
  An orc priest (D:5)
  A centaur skeleton (D:5)
  An adder (D:5)
  A quokka (D:4)
  5 fungi (D:9)
  2 plants (D:9)
12 creatures vanquished.

Grand Total: 107 creatures vanquished

Notes
Turn   | Place    | Note
-------+----------+-------------------------------------------
     0 | D:1      | Lavandula the Formicid Artificer began the quest for the Orb.
     0 | D:1      | Reached XP level 1. HP: 15/15 MP: 3/3
   146 | D:1      | Reached XP level 2. HP: 8/21 MP: 4/4
   463 | D:1      | You fall through a shaft!
   530 | D:2      | Reached XP level 3. HP: 9/26 MP: 5/5
   714 | D:3      | Noticed smzp's ghost (weakling FeMo)
   722 | D:2      | Found a hide-covered altar of Uskayaw.
   930 | D:3      | Reached XP level 4. HP: 28/32 MP: 6/6
  1048 | D:4      | Found a sand-covered staircase.
  1250 | Ossuary  | Entered an ossuary
  1451 | Ossuary  | Reached XP level 5. HP: 17/37 MP: 7/7
  1528 | Ossuary  | Reached skill level 5 in Short Blades
  1744 | Ossuary  | Reached XP level 6. HP: 35/43 MP: 8/8
  1822 | D:4      | Noticed Edmund
  1847 | D:4      | Killed Edmund
  1847 | D:4      | Reached skill level 2 in Maces & Flails
  1854 | D:4      | Found a staircase to the Ecumenical Temple.
  1867 | Temple   | Entered the Ecumenical Temple
  2004 | D:3      | Reached skill level 3 in Maces & Flails
  2011 | D:3      | Found an ancient bone altar of Kikubaaqudgha.
  2101 | D:3      | Noticed Ijyb
  2105 | D:3      | Killed Ijyb
  2105 | D:3      | Reached XP level 7. HP: 21/48 MP: 9/9
  2407 | D:3      | Found an opulent altar of Gozag.
  2455 | D:3      | You fall through a shaft for 3 floors!
  2549 | D:6      | Reached skill level 4 in Maces & Flails
  2920 | D:5      | Entered Level 5 of the Dungeon
  3043 | D:5      | Reached skill level 5 in Maces & Flails
  3257 | D:5      | Found an ornate altar of the Wu Jian Council.
  3369 | D:5      | Found a glowing golden altar of the Shining One.
  3588 | D:6      | Found Retex's Antique Weapon Boutique.
  3595 | D:6      | Bought a glowing mace for 162 gold pieces
  3630 | D:6      | Found Xigifiyfe's Distillery.
  3674 | D:6      | Reached XP level 8. HP: 42/54 MP: 10/10
  3698 | D:6      | Reached skill level 6 in Maces & Flails
  3787 | D:6      | Bought a potion of agility for 56 gold pieces
  3787 | D:6      | Bought a potion of flight for 42 gold pieces
  3787 | D:6      | Bought a potion of degeneration for 14 gold pieces
  4091 | D:6      | Found Bunwesee's Antique Armour Shop.
  4107 | D:6      | Found Kewos's Weapon Emporium.
  4118 | D:6      | You fall through a shaft for 3 floors!
  4118 | D:9      | Found a staircase to the Lair.
  4148 | D:9      | Noticed a wyvern
  4148 | D:9      | You fall through a shaft for 2 floors!
  4148 | D:11     | Noticed Sonja
  4149 | D:11     | Quit the game

Vault maps used:
D:1:      lemuel_arrival_cross
D:2:      eat_drink_and_be_merry_uskayaw, old_standard_altar, zin_purify
D:3:      nicolae_gozag_cash_rules_everything_around_me,
          kiku_gazebo_pond_becter, bloody_makhleb, uniq_ijyb
D:4:      temple_statues, nicolae_ossuary_entry_giza, elyvilon_altar_4,
          uniq_edmund
D:5:      lemuel_round_altar, kennysheep_mini_moat, first_bread
D:6:      wad_crossroads, serial_shops, nicolae_shop_crystal, shop_coins,
          nicolae_shop_behind_doors, shop_fountains
D:7:      serial_shops, nicolae_shop_crystal, uniq_prince_ribbit1
D:9:      lemuel_crystal_altar, due_lair_maze_entry_diamond,
          serial_bayou_pond_d, uniq_grum, uniq_gastronok, uniq_joseph
D:11:     uniq_snorg, uniq_sonja, uniq_josephine
Temple:   nicolae_temple_hex_pool
Ossuary:  minmay_ossuary_gauntlet

Skill      XL: |  1  2  3  4  5  6  7  8 |
---------------+-------------------------+-----
Short Blades   | 2 3 4 5 |  5.5
Maces & Flails | 3 5 6 |  6.5
Fighting       | |  1.1
Dodging        | |  1.7
Stealth        | |  1.2
Evocations     | |  3.2

Action                   |  1- 3 |  4- 6 |  7- 9 || total
-------------------------+-------+-------+-------++-------
Melee: Short sword       |   121 |   168 |    64 ||   353
       Dagger            |       |       |   364 ||   364
       Dire flail        |       |       |    15 ||    15
 Abil: Dig               |     2 |     4 |    22 ||    28
       Shaft Self        |     1 |       |     3 ||     4
Evoke: Wand              |     6 |    14 |    32 ||    52
  Use: Scroll            |     5 |     2 |     7 ||    14
       Potion            |       |       |     1 ||     1
 Stab: Distracted        |       |     1 |     1 ||     2
       Confused          |       |     4 |       ||     4
       Paralysed         |       |     2 |     3 ||     5
  Eat: Chunk             |     1 |       |     6 ||     7
       Meat ration       |       |     1 |       ||     1
       Royal jelly       |       |       |     1 ||     1
Armor: Leather armour    |    21 |       |       ||    21
       Plate armour      |    29 |    74 |   330 ||   433
Dodge: Dodged            |    44 |    29 |   106 ||   179
